 Dungeon Crawl Stone Soup version 0.22.0-16-gc6d26f6 (webtiles) character file.

10 Medar the Caller (level 2, -13/11 HPs)
             Began as a Felid Summoner on Aug 17, 2018.
             Mangled by an ogre
             ... wielding a +0 giant club
              (24 damage)
             ... on level 2 of the Dungeon.
             The game lasted 00:03:43 (807 turns).

Medar the Caller (Felid Summoner)                    Turns: 807, Time: 00:03:43

Health: -13/11     AC:  1    Str:  4    XL:     2   Next: 10%
Magic:  1/6        EV: 18    Int: 16    God:
Gold:   60         SH:  0    Dex: 16    Spells: 2/5 levels left
                                        Lives:  0   Deaths: 0

rFire    . . .     SeeInvis +   (weapon unavailable)
rCold    . . .     Gourm    .   (shield unavailable)
rNeg     . . .     Faith    .   (armour unavailable)
rPois    .         Spirit   .   (helmet unavailable)
rElec    .         Reflect  .   (cloak unavailable)
rCorr    .         Harm     .   (gloves unavailable)
MR       .....                  (boots unavailable)
Stlth    +++.......             (no amulet)
HPRegen  0.03/turn              j - ring of see invisible
MPRegen  0.10/turn              (no ring)

@: quick
A: very small, no armour, no weapons or thrown items, stealth, claws 1, fangs 3,
see invisible, carnivore, speed 1, shaggy fur 1, slow metabolism 1, sharp paws
a: no special abilities


You were on level 2 of the Dungeon.
You were very full.

You visited 1 branch of the dungeon, and saw 2 of its levels.

You collected 60 gold pieces.

Inventory:

Jewellery
 j - a ring of see invisible (left paw)
Scrolls
 a - a scroll of magic mapping {unknown}
 c - a scroll of immolation {unknown}
 d - a scroll of fog {unknown}
 h - a scroll of enchant weapon {unknown}
 i - a scroll of blinking {unknown}
Potions
 e - 3 potions of heal wounds
 f - a potion of curing {@q1}
 g - a potion of agility
 k - a potion of might {unknown}
Comestibles
 b - 3 rations


   Skills:
 - Level 2.6 Dodging
 - Level 2.6 Stealth
 - Level 2.0 Spellcasting
 + Level 4.5 Summonings


You had 2 spell levels left.
You knew the following spells:

 Your Spells              Type           Power        Failure   Level  Hunger
d - Call Imp              Summ           ###.....     4%          2    ###....
s - Summon Small Mammal   Summ           ###.         3%          1    #......

Your spell library contained the following spells:

 Spells                   Type           Power        Failure   Level  Hunger
 Summon Ice Beast         Ice/Summ       #.......     63%         4    #####..
 Call Canine Familiar     Summ           ###.....     10%         3    ###....
 Summon Lightning Spire   Summ/Air       #.......     63%         4    #####..
 Summon Guardian Golem    Hex/Summ       #.......     24%         3    ###....


Dungeon Overview and Level Annotations

Branches:
Dungeon (2/15)

Altars:


Innate Abilities, Weirdness & Mutations

You cannot wear armour.
You are incapable of wielding weapons or throwing items.
Your paws allow you to move quietly. (Stealth)
You have sharp claws.
You have razor-sharp teeth.
You have supernaturally acute eyesight. (SInv)
You are carnivorous and can eat meat at any time.
You cover ground quickly.
You are covered in fur. (AC +1)
You have a slow metabolism.
Your sharp claws are effective at attacking unaware monsters.


Message History

Casting: Summon Small Mammal (safe; 3% risk of failure)
Confirm with . or Enter, or press ? or * to list all spells.
The ogre closely misses something.
The ogre hits something with a giant club!
You swap places.
You swap places.
Your bat hits the ogre.
The ogre hits your bat with a giant club!!
Your bat dies!
Your bat's corpse disappears in a puff of smoke!
The ogre shouts!
A rat comes into view.
The ogre shouts!
Casting: Summon Small Mammal (safe; 3% risk of failure)
Confirm with . or Enter, or press ? or * to list all spells.
Something barely misses your quokka.
There is a stone staircase leading up here.
Your quokka barely misses the ogre.
The ogre hits you with a giant club!!
Ouch! That really hurt!
You die...

#5.# #.#.....# ###
#..###...# #.# [.#
#.....(..###r###.#
##..#............#
#..#...####.##..#
#.>##### #.##..#
#### #..r..#
#####r# #.@O.#
######


You could see an ogre and a friendly quokka.

Vanquished Creatures
  A giant cockroach (D:2)
  A ball python (D:1)
  A bat (D:1)
  A rat (D:1)
4 creatures vanquished.

Vanquished Creatures (collateral kills)
  A bat (D:1)
  2 giant cockroaches (D:1)
  3 hobgoblins (D:1)
  2 goblins (D:1)
  A rat (D:1)
9 creatures vanquished.

Grand Total: 13 creatures vanquished

Notes
Turn   | Place    | Note
-------+----------+-------------------------------------------
     0 | D:1      | Medar the Felid Summoner began the quest for the Orb.
     0 | D:1      | Reached XP level 1. HP: 7/7 MP: 4/4
   443 | D:1      | Reached XP level 2. HP: 7/11 MP: 6/6
   571 | D:1      | Learned a level 2 spell: Call Imp
   752 | D:2      | Noticed an ogre
   807 | D:2      | Mangled by an ogre

Action                   || total
-------------------------++-------
Melee: Unarmed           ||    29
       Bite              ||     5
 Cast: Summon Small Mamm ||    24
       Call Imp          ||     4
  Use: Scroll            ||     3
 Stab: Sleeping          ||     2
  Eat: Chunk             ||     6
Armor: Skin              ||     7
Dodge: Dodged            ||    27
